 Dungeon Crawl Stone Soup version 0.30.1-11-g7821555f0a (webtiles) character file.

Game seed: 1457051995953011927

445 Kallu the Grappler (level 7, -2/57 HPs)
             Began as a Ghoul Monk on Jan 7, 2024.
             Was a High Priest of Jiyva.
             Slain by Eustachio
             ... wielding a +2 rapier of holy wrath
              (14 damage)
             ... on level 5 of the Dungeon.
             The game lasted 00:03:09 (3475 turns).

Kallu the Grappler (Ghoul Monk)                     Turns: 3475, Time: 00:03:10

Health: -2/57      AC:  2    Str: 17    XL:     7   Next: 3%
Magic:  6/6        EV: 12    Int:  5    God:    Jiyva [*****.]
Gold:   144        SH:  0    Dex: 11    Spells: 6/6 levels left

rFire   . .          .
                       - Unarmed
rCold   + . .        c - orb {light}
rNeg    + + +        a - +0 robe
rPois   ∞            (no helmet)
rElec   .            (no cloak)
rCorr   +            (no gloves)
SInv    .            (no boots)
Will    .....        (no amulet)
Stlth   +            (no ring)
HPRegen 1.44/turn    (no ring)
MPRegen 0.55/turn

%: no passive effects
@: inhibited regen, glowing
A: claws 1, cold resistance 1, negative energy resistance 3, inhibited
regeneration, torment resistance 2, devour on kill
a: Renounce Religion, Oozemancy, Slimify


You were on level 5 of the Dungeon.
You worshipped Jiyva.
Jiyva was extremely pleased with you.
You visited 1 branch of the dungeon, and saw 5 of its levels.

You collected 144 gold pieces.

Inventory:

Missiles
 m - 7 poisoned darts (quivered)
Armour
 a - a +0 robe (worn)
 c - an orb of light (worn)
Jewellery
 q - a ring of ice
Wands
 s - a wand of polymorph (8)
Scrolls
 g - a scroll of enchant weapon {unknown}
 h - a scroll of summoning {unknown}
 i - 3 scrolls of fog {unknown}
 l - a scroll of identify {unknown}
 o - a scroll of torment {unknown}
 p - 2 scrolls of teleportation {unknown}
 t - 3 scrolls of vulnerability {unknown}
Potions
 b - a potion of ambrosia
 d - a potion of might
 e - a potion of degeneration {unknown}
 f - a potion of heal wounds {unknown}
 j - 2 potions of attraction {unknown}
 k - a potion of brilliance {unknown}
 n - a potion of haste {unknown}
 r - 2 potions of curing {unknown}


   Skills:
 - Level 3.2 Fighting
 - Level 2.6 Dodging
 + Level 8.4 Unarmed Combat


You had 6 spell levels left.
You didn't know any spells.
Your spell library contained the following spells:

 Spells                   Type           Power      Damage    Failure   Level
 Ozocubu's Armour         Ice            0%         N/A       85%         3
 Vhi's Electric Charge    Tloc/Air       0%         N/A       85%         3
 Arcjolt                  Conj/Air       0%         1d10      100%        5
 Plasma Beam              Fire/Air       0%         2x1d11    100%        6
 Simulacrum               Ice/Necr       0%         N/A       100%        6
 Ozocubu's Refrigeration  Ice            0%         4d7       100%        7
 Chain Lightning          Conj/Air       0%         N/A       100%        9
 Fire Storm               Conj/Fire      0%         5d1       100%        9
 Polar Vortex             Ice            0%         N/A       100%        9
 Shatter                  Erth           0%         3d5*      100%        9


Dungeon Overview and Level Annotations

Branches:
Dungeon (5/15)             Temple (0/1) D:5

Altars:
Ashenzari
Fedhas
Nemelex Xobeh
Okawaru
Trog
Xom
Jiyva

Shops:
D:4 :

Annotations:
D:5 Eustachio


Innate Abilities, Weirdness & Mutations

You are immune to poison.
You have sharp fingernails.
Your flesh is cold resistant. (rC+)
You are immune to negative energy. (rN+++)
You do not regenerate when monsters are visible.
You are immune to unholy pain and torment.
You thrive by killing the living.


Message History

No target in view!
You hear a distant slurping noise.
Found a sparkling altar of Nemelex Xobeh.
Eustachio the Magnificent comes into view.
He is wielding a +2 rapier of holy wrath.
Eustachio shouts!
Unknown command.
Eustachio hits you with a +2 rapier of holy wrath.
You convulse.
You claw Eustachio!
Eustachio is lightly wounded.
Eustachio completely misses you.
You scratch Eustachio.
Eustachio is moderately wounded.
Eustachio mumbles some strange words.
You scratch Eustachio.
Eustachio is heavily wounded.
Eustachio hits you with a +2 rapier of holy wrath!
You convulse!
You scratch Eustachio but do no damage.
Eustachio is heavily wounded.
The rat twitches its whiskers.
The rat barely misses you.
The jelly hits the rat but does no damage.
Unknown command.
You closely miss Eustachio.
Eustachio is heavily wounded.
Eustachio drinks a potion.
Eustachio seems to grow stronger.
The river rat bites you. The rat bites you. The rat misses you.
You are too injured to fight recklessly!
You are too injured to fight recklessly!
Unknown command.
You barely miss Eustachio.
Eustachio is heavily wounded.
The jelly misses the rat.
Eustachio screams, "Hey, you killed my favourite bat!"
Eustachio hits you with a +2 rapier of holy wrath!
* * * LOW HITPOINT WARNING * * *
You shudder from the blow and a jelly pops out!
You convulse!
You die...

.#.#J#.###.....####...##.........
.#.#.J.###.....###.....##........
#...###.......J##.......#........
#.#.#.#.#......##..._...#.......#
.#.#.##.........#.......#......##
#.#.#..###......##.....##......#
.#.#.#...#.#.....##...##......##
#.#.#..###.#..J.rr##.##.......#
.#.#.##....##..@@J............#
#.#.#.#.#..#...r..............###
#...###.........................#
.#.#...###......<....####........
.#.#.#.###..........## #.#####..
.###...##...J...J...# #.....##.
...................## #.###.###
..................## ##.###.# #
.....####.........######...##.###


You could see Eustachio (strong, ally target), a river rat (summoned), 2 rats, 4
neutral jellies (fellow slime) and a friendly acid blob (summoned).

Vanquished Creatures
  A phantom (D:5)
  2 scorpions (D:5)
  A hound (D:5)
  An iguana (D:4)
  Ijyb (D:5)
  8 adders
  4 gnolls (D:3)
  A white imp (D:5)
  4 dart slugs
  An orc (D:4)
  4 bats
  3 giant cockroaches
  6 goblins
  5 hobgoblins
  7 jackals
  3 kobolds
  5 quokkas
  4 ball pythons
  3 rats
64 creatures vanquished.

Vanquished Creatures (others)
  An orc priest (D:5)
  2 adders
  2 endoplasms
  2 giant cockroaches
  2 hobgoblins (D:2)
  A jackal (D:2)
  A quokka (D:1)
  2 goblins
  3 kobolds
16 creatures vanquished.

Grand Total: 80 creatures vanquished

Notes
Turn   | Place    | Note
-------+----------+-------------------------------------------
     0 | D:1      | Kallu the Ghoul Monk began the quest for the Orb.
     0 | D:1      | Reached XP level 1. HP: 19/19 MP: 0/0
    21 | D:1      | Found a faded altar of an unknown god.
    43 | D:1      | Reached XP level 2. HP: 12/26 MP: 1/1
    47 | D:1      | Prayed at the altar of an unknown god.
    47 | D:1      | Became a worshipper of Jiyva Jusanuji the Shapeless
    47 | D:1      | Reached * piety under Jiyva
    47 | D:1      | Reached ** piety under Jiyva
   139 | D:1      | Reached *** piety under Jiyva
   158 | D:1      | Reached skill level 4 in Unarmed Combat
   804 | D:2      | Reached XP level 3. HP: 31/31 MP: 2/2
   858 | D:2      | Reached **** piety under Jiyva
  1060 | D:2      | Reached skill level 5 in Unarmed Combat
  1081 | D:2      | Reached XP level 4. HP: 38/38 MP: 3/3
  1497 | D:3      | You fall into a shaft and drop 1 floor!
  1497 | D:4      | Found a broken altar of Ashenzari.
  1556 | D:4      | Reached skill level 6 in Unarmed Combat
  1744 | D:4      | Reached XP level 5. HP: 45/45 MP: 4/4
  1781 | D:4      | Reached ***** piety under Jiyva
  1927 | D:4      | Found Genehack's Vocational Training.
  2188 | D:3      | Found a glowing drain.
  2415 | D:3      | Found a bloodstained altar of Trog.
  2551 | D:3      | Found an iron altar of Okawaru.
  2653 | D:5      | Entered Level 5 of the Dungeon
  2663 | D:5      | Reached skill level 7 in Unarmed Combat
  2663 | D:5      | Reached XP level 6. HP: 44/51 MP: 5/5
  2673 | D:5      | Noticed Ijyb
  2683 | D:5      | Killed Ijyb
  2842 | D:5      | Reached skill level 8 in Unarmed Combat
  2848 | D:5      | Found a shimmering altar of Xom.
  2944 | D:5      | Found a blossoming altar of Fedhas.
  2984 | D:5      | Reached XP level 7. HP: 48/57 MP: 6/6
  3152 | D:5      | Found a staircase to the Ecumenical Temple.
  3464 | D:5      | Found a sparkling altar of Nemelex Xobeh.
  3466 | D:5      | Noticed Eustachio
  3475 | D:5      | Slain by Eustachio

Illustrated notes

Levels and vault maps discovered:
D:1:      amcnicky_arrival_double_pillar, layout_basic,
          hellmonk_ecumenical_altar_dog_temple
D:2:      layout_loops_ring, minmay_tripent
D:3:      layout_basic, marbit_many_paths, okawaru_altar_gauntlet_db,
          gup_sewer_entry_glass
D:4:      layout_basic, mainiacjoe_overflow_boulevard, nicolae_shop_vocational
D:5:      layout_layer_cave, xom_butterflies, lemuel_round_altar,
          nicolae_overflow_crystal_walls, temple_green, minmay_starry_boxes,
          uniq_ijyb, uniq_eustachio

Skill      XL: |  1  2  3  4  5  6 |
---------------+-------------------+-----
Unarmed Combat | 4 5 6 7 8 |  8.4
Fighting       | |  3.2
Dodging        | |  2.6

Action                     |  1- 3 |  4- 6 |  7- 9 || total
---------------------------+-------+-------+-------++-------
  Melee: Unarmed           |    64 |   103 |     8 ||   175
 Armour: Robe              |    13 |    20 |       ||    33
  Dodge: Dodged            |    51 |    56 |     4 ||   111
